 Dungeon Crawl Stone Soup version 0.22.1-1-ga44c0e56f4 (webtiles) character file.

194707 Morbidden the Warrior (level 18, -1/256 HPs)
             Began as a Minotaur Fighter on Oct 4, 2018.
             Was the Champion of the Shining One.
             Slain by a jumping spider (15 damage)
             ... on level 4 of the Spider Nest on Oct 5, 2018.
             The game lasted 01:34:43 (27239 turns).

Morbidden the Warrior (Minotaur Fighter)           Turns: 27239, Time: 01:34:43

Health: -1/256     AC: 29    Str: 29    XL:     18   Next: 10%
Magic:  0/26       EV:  2    Int: 15    God:    the Shining One [******]
Gold:   2134       SH: 28    Dex: 10    Spells: 17/17 levels left

rFire    . . .     SeeInvis .   e - +3 scimitar (flame)
rCold    . . .     Gourm    .   u - +2 shield
rNeg     + + +     Faith    .   (armour currently unavailable)
rPois    +         Spirit   +   (helmet currently unavailable)
rElec    +         Reflect  .   (cloak currently unavailable)
rCorr    .         Harm     .   (gloves currently unavailable)
MR       +++..     NoTele   +   (boots currently unavailable)
Stlth    +.........             F - amulet of Qixt {Spirit MR+ Int+7}
HPRegen  0.52/turn              c - ring "Colaatha" {rElec MR+ EV+2 Int+3 Stlth+}
MPRegen  0.20/turn              E - +4 ring of slaying

@: divine shield, tree-form, glowing, studying Dodging
A: (retaliatory headbutt)
a: Divine Shield, Cleansing Flame, Summon Divine Warrior, Brand Weapon With Holy
Wrath, Renounce Religion


You were on level 4 of the Spider Nest.
You worshipped the Shining One.
The Shining One was exalted by your worship.
You were near starving.
You were a tree.
You visited 5 branches of the dungeon, and saw 28 of its levels.
You also visited: Bailey, Ice Cave and Volcano.

You collected 2784 gold pieces.
You spent 650 gold pieces at shops.

Inventory:

Hand Weapons
 b - a +2 long sword of holy wrath
 e - a +3 scimitar of flaming (weapon)
Missiles
 a - 13 javelins of returning (quivered)
Armour
 i - a +1 cloak of magic resistance (melded)
 u - a +2 shield (worn)
 D - +0 fire dragon scales
 I - the +2 pair of boots "Edoir" (melded) {rN+}
   (You found it on level 7 of the Dungeon)

   It protects you from negative energy.
 N - the +1 plate armour of Duty (melded) {rCorr MP+9}
   (You took it off an orc knight on level 14 of the Dungeon)

   It affects your magic capacity (+9).
   It provides partial protection from all sources of acid and corrosion.
 U - a +0 pair of gloves (melded)
Jewellery
 c - the ring "Colaatha" (left branch) {rElec MR+ EV+2 Int+3 Stlth+}
   (You took it off an orc knight on level 14 of the Dungeon)

   [ring of evasion]

   It affects your evasion (+2).
   It affects your intelligence (+3).
   It insulates you from electricity.
   It affects your resistance to hostile enchantments.
   It makes you more stealthy.
 h - a cursed amulet of inaccuracy {unknown}
 E - a +4 ring of slaying (right branch)
 F - the amulet of Qixt (around neck) {Spirit MR+ Int+7}
   (You took it off an orc wizard on level 7 of the Dungeon)

   [amulet of guardian spirit]

   It causes incoming damage to be split between your health and magic.
   It affects your intelligence (+7).
   It affects your resistance to hostile enchantments.
 L - an uncursed ring of protection from cold
Wands
 y - a wand of paralysis (15)
 A - a wand of digging (28)
 M - a wand of flame (31)
 O - a wand of acid (29)
 T - a wand of disintegration (23)
 V - a wand of iceblast (5)
Scrolls
 g - 10 scrolls of teleportation
 j - 5 scrolls of magic mapping
 k - 6 scrolls of remove curse
 n - a scroll of enchant weapon
 o - 4 scrolls of amnesia
 r - 4 scrolls of fear
 s - a scroll of blinking
 t - 3 scrolls of identify
 z - 2 scrolls of holy word
 C - a scroll of enchant armour
Potions
 d - 2 potions of might
 l - 4 potions of flight
 m - a potion of curing
 q - 4 potions of mutation
 v - 3 potions of haste
 x - 3 potions of brilliance
 G - a potion of resistance
 H - 2 potions of berserk rage
 K - 3 potions of agility
 S - a potion of magic
 W - a potion of cancellation {unknown}
 X - a potion of lignification
 Z - a potion of invisibility {unknown}
Books
 B - a manual of Dodging
Miscellaneous
 J - a lamp of fire
 Y - a box of beasts
Comestibles
 f - 33 rations


   Skills:
 + Level 17.8 Fighting
 - Level 14.0 Long Blades
 + Level 15.9 Armour
 * Level 16.0 Dodging
 - Level 0.1 Stealth
 - Level 15.0 Shields
 * Level 12.7 Invocations
 + Level 3.5 Evocations


You had 17 spell levels left.
You didn't know any spells.
Your spell library contained the following spells:

 Spells                   Type           Power        Failure   Level  Hunger
 Apportation              Tloc           #.....       26%         1    ##.....
 Beastly Appendage        Tmut           #.....       26%         1    ##.....
 Magic Dart               Conj           #...         26%         1    ##.....
 Summon Butterflies       Summ           #.......     26%         1    ##.....
 Blink                    Tloc           N/A          38%         2    ###....
 Call Imp                 Summ           #.......     38%         2    ###....
 Corpse Rot               Necr           N/A          38%         2    ###....
 Passwall                 Tmut/Erth      #.......     38%         2    ###....
 Slow                     Hex            #.......     38%         2    ###....
 Sticks to Snakes         Tmut           #.......     38%         2    ###....
 Sublimation of Blood     Necr           #.........   38%         2    ###....
 Swiftness                Chrm/Air       #.......     38%         2    ###....
 Conjure Flame            Conj/Fire      #.......     63%         3    ####...
 Lesser Beckoning         Tloc           #.........   63%         3    ####...
 Mephitic Cloud           Conj/Pois/Air  #.......     63%         3    ####...
 Spider Form              Tmut/Pois      #.........   63%         3    ####...
 Tukima's Dance           Hex            #.......     63%         3    ####...
 Ice Form                 Ice/Tmut       #.......     95%         4    #####..
 Passage of Golubria      Tloc           N/A          95%         4    #####..
 Agony                    Necr           #.......     100%        5    ######.
 Alistair's Intoxication  Tmut/Pois      #.......     100%        5    ######.
 Blade Hands              Tmut           #.........   100%        5    ######.
 Bolt of Draining         Conj/Necr      #.........   100%        5    ######.
 Bolt of Magma            Conj/Fire/Erth #.........   100%        5    ######.
 Dispel Undead            Necr           #.......     100%        5    ######.
 Excruciating Wounds      Chrm/Necr      #.........   100%        5    ######.
 Iskenderun's Battlesphe  Conj/Chrm      #.......     100%        5    ######.
 Lee's Rapid Deconstruct  Erth           #.........   100%        5    ######.
 Venom Bolt               Conj/Pois      #.........   100%        5    ######.
 Darkness                 Hex            #.........   100%        6    #######
 Invisibility             Hex            #.......     100%        6    #######
 Iron Shot                Conj/Erth      #.........   100%        6    #######
 Orb of Destruction       Conj           #.........   100%        7    #######
 Spellforged Servitor     Conj/Summ      #.........   100%        7    #######


Dungeon Overview and Level Annotations

Branches:
Dungeon (15/15)            Temple (1/1) D:6            Lair (6/6) D:10
 Shoals (0/4) Lair:4       Spider (4/4) Lair:3        Slime (0/5) Lair:6
    Orc (2/2) D:12            Elf (0/3) Orc:2        Vaults (0/5) D:14
 Depths (0/5) D:15

Altars:
Ashenzari
Fedhas
Gozag
Hepliaklqana
Nemelex Xobeh
Qazlal
Ru
Sif Muna
Trog
Yredelemnul
The Shining One
Beogh

Shops:
Orc:2 *(*}%

Annotations:
D:9 3 runed doors
Lair:6 3 runed doors, Tiegaach's ghost, journeyman MiBe


Innate Abilities, Weirdness & Mutations

((You reflexively headbutt those who attack you in melee.))
((You have a pair of horns on your head.))


Message History

You block the jumping spider's attack.
The jumping spider leaps!
You block the jumping spider's attack. The jumping spider barely misses you.
You block the demonic crawler's attack. x2
The demonic crawler hits you but does no damage.
The jumping spider leaps! x2
The jumping spider pounces on you but does no damage.
The jumping spider bites you but does no damage.
You block the demonic crawler's attack.
The demonic crawler hits you but does no damage.
You block the demonic crawler's attack.
Being near the torpor snail leaves you feeling lethargic.
Unknown command.
Unknown command.
Unknown command.
You feel better.
You feel yourself speed up. You block the jumping spider's attack.
The jumping spider bites you.
* * * LOW HITPOINT WARNING * * *
The jumping spider pounces on you!!
You die...

################
....s..ss.......
.s.....♣<.w.....
......†s††.?....
.......†††..§...
..s....††.......
.ss.....†..#.s..
.#s............#
...yy.......s...
................
...............


You could see a spark wasp (fleeing), a torpor snail (fleeing), a demonic
crawler, 3 wolf spiders, a moth of wrath (fleeing), 3 orb spiders, a jumping
spider (berserk), a tarantella (fleeing) and 2 redbacks.

Vanquished Creatures
  Rupert (Lair:6)
  Frances (D:14)
  An emperor scorpion (D:15)
  5 entropy weavers
  Nessos (Lair:4)
  A fire dragon (Volcano)
  13 hydras
  Fannar (D:12)
  An ice dragon (Lair:4)
  3 vault guards (D:14)
  3 ghost crabs (Lair:4)
  Erica (D:10)
  2 death knights
  5 catoblepae
  11 two-headed ogres
  2 ogre magi (Orc:2)
  4 tengu warriors
  Urug (Lair:4)
  A hell hog (Volcano)
  An orc high priest (D:14)
  4 death yaks (Lair:6)
  Nergalle (D:11)
  5 fire crabs (Lair:4)
  2 skeletal warriors
  3 unseen horrors
  An orc knight (D:14)
  An orc sorcerer (Orc:2)
  A deep elf mage (D:15)
  15 wolf spiders
  8 orb spiders
  12 ugly things
  5 cyclopes
  Maurice (D:12)
  3 manticores
  2 molten gargoyles
  4 elephants (Lair:6)
  2 black mambas
  An apocalypse crab (Lair:4)
  10 spiny frogs
  A naga mage (D:15)
  2 ice statues (IceCv)
  2 torpor snails (Spider:2)
  12 komodo dragons
  A rime drake (Lair:6)
  4 freezing wraiths
  7 demonic crawlers
  A jumping spider (shapeshifter) (D:15)
  5 trolls
  2 hornets
  A merfolk (shapeshifter) (D:13)
  6 polar bears
  22 jumping spiders
  3 blink frogs (Lair:2)
  12 hippogriffs
  A slime creature (D:14)
  A water elemental (D:14)
  A shadow (D:15)
  52 redbacks
  14 tarantellas
  3 wyverns
  91 yaks
  4 wraiths
  3 basilisks
  19 fire bats
  A steam dragon (D:14)
  5 wargs (Orc:2)
  4 hungry ghosts
  2 vampire mosquitoes (D:15)
  The ghost of Cykl0x the Cudgeler, an amateur GrBe of Trog (D:4)
  2 soldier ants
  18 water moccasins
  2 hell hounds (Volcano)
  37 orc warriors
  20 porcupines
  A hornet zombie (D:15)
  4 black bears
  4 necrophages
  2 sky beasts (D:7)
  11 ice beasts
  2 eyes of draining (D:15)
  14 wolves
  An eye of draining (shapeshifter) (D:13)
  5 phantoms
  15 centaurs
  29 ogres
  11 crocodiles
  A big kobold (D:9)
  20 bullfrogs
  A wyvern skeleton (D:10)
  11 scorpions
  6 killer bees (D:7)
  5 wights (D:10)
  An electric eel (Lair:5)
  13 howler monkeys
  3 lava snakes (Volcano)
  9 crimson imps
  2 centaur zombies
  2 bullfrog zombies (D:12)
  3 centaur skeletons
  13 jellies
  19 orc priests
  Crazy Yiuf (D:2)
  11 hounds
  26 orc wizards
  2 bullfrog skeletons
  8 worker ants
  2 hell rats (Lair:3)
  2 hound zombies
  3 hound skeletons
  Robin (D:2)
  15 adders
  5 river rats (Lair:3)
  3 shadow imps
  4 oozes
  2 adder skeletons
  4 worms
  2 dart slugs (D:1)
  8 leopard geckos
  110 orcs
  2 ball pythons
  10 giant cockroaches
  22 goblins
  13 hobgoblins
  5 jackals
  14 kobolds
  4 quokkas
  2 bats (D:1)
  5 frilled lizards (D:2)
  A quokka skeleton (D:4)
  A quokka zombie (D:6)
  7 rats
  2 fungi (Lair:2)
1007 creatures vanquished.

Vanquished Creatures (collateral kills)
  Agnes (D:14)
  The ghost of Vuraotzi the Spry, a journeyman BaHu of Okawaru (D:14)
  Josephine (D:14)
  A vault guard (D:14)
  A centaur warrior (D:14)
  A catoblepas (D:14)
  A death knight (D:14)
  2 ogre magi (Orc:2)
  7 two-headed ogres (Orc:2)
  3 tengu warriors (D:14)
  An orc high priest (Orc:1)
  An unseen horror (D:15)
  A phantasmal warrior (D:14)
  4 orc knights
  A wolf spider (Spider:3)
  2 ugly things
  A centaur skeleton (D:14)
  A demonic crawler (Spider:4)
  2 freezing wraiths
  A jumping spider (Spider:4)
  2 tarantellas (Spider:4)
  4 redbacks (Spider:4)
  2 wraiths (D:14)
  3 yaks (D:14)
  3 wargs
  A meliai simulacrum (D:14)
  3 orc warriors
  8 ogres (Orc:2)
  A wolf (Orc:2)
  3 orc priests
  3 orc wizards
  A worker ant (D:14)
  12 orcs
80 creatures vanquished.

Vanquished Creatures (others)
  An ugly thing (IceCv)
  5 fungi
  5 plants
11 creatures vanquished.

Grand Total: 1098 creatures vanquished

Notes
Turn   | Place    | Note
-------+----------+-------------------------------------------
     0 | D:1      | Morbidden the Minotaur Fighter began the quest for the Orb.
     0 | D:1      | Reached XP level 1. HP: 19/19 MP: 0/0
   161 | D:1      | Reached XP level 2. HP: 27/27 MP: 1/1
   380 | D:1      | Reached skill level 4 in Fighting
   450 | D:1      | Reached XP level 3. HP: 28/33 MP: 2/2
   847 | D:2      | Reached XP level 4. HP: 34/40 MP: 3/3
   886 | D:2      | Noticed Robin
   927 | D:2      | Killed Robin
   975 | D:2      | Found a deep blue altar of Sif Muna.
   975 | D:2      | Found a bloodstained altar of Trog.
  1183 | D:2      | Found a runed door.
  1795 | D:3      | Reached XP level 5. HP: 40/46 MP: 4/4
  1798 | D:3      | Reached skill level 5 in Long Blades
  1895 | D:4      | Got a pitted pewter ring
  1996 | D:4      | Noticed an ice beast
  2013 | D:4      | Killed an ice beast
  2013 | D:4      | Reached skill level 5 in Armour
  2013 | D:4      | Reached XP level 6. HP: 44/53 MP: 5/5
  2452 | D:4      | Found a runed gate.
  2452 | D:4      | Found a runed gate.
  2452 | D:4      | Found a runed gate.
  2458 | D:4      | Found an opulent altar of Gozag.
  2458 | D:4      | Noticed Cykl0x's ghost (amateur GrBe)
  2531 | D:4      | Reached XP level 7. HP: 31/60 MP: 6/6
  2621 | D:4      | Identified the ring "Caaniass" {+Inv MR+ Stlth+} (You found
                  | it on level 4 of the Dungeon)
  2704 | D:5      | Entered Level 5 of the Dungeon
  2778 | D:5      | Reached XP level 8. HP: 67/67 MP: 7/7
  3288 | D:6      | Found a staircase to the Ecumenical Temple.
  3301 | Temple   | Entered the Ecumenical Temple
  3324 | Temple   | Became a worshipper of the Shining One
  3364 | D:6      | Reached skill level 15 in Shields
  3437 | D:6      | Reached skill level 5 in Fighting
  3617 | D:6      | Reached XP level 9. HP: 49/74 MP: 8/8
  3881 | D:6      | Reached skill level 1 in Dodging
  4119 | D:7      | Reached skill level 1 in Invocations
  4149 | D:7      | Found a flagged portal.
  4159 | Bailey   | Entered a bailey
  5503 | Bailey   | Reached * piety under the Shining One
  6143 | Bailey   | Reached XP level 10. HP: 79/81 MP: 10/10
  6785 | D:7      | Reached XP level 11. HP: 89/89 MP: 11/11
  6836 | D:7      | Got a coiled sapphire amulet
  6867 | D:7      | Got a polished falchion
  6869 | D:7      | Got a polished rapier
  6907 | D:7      | Got a pair of bloodstained boots
  6918 | D:7      | Identified the +2 pair of boots "Edoir" {rN+} (You found it
                  | on level 7 of the Dungeon)
  6918 | D:7      | Identified the amulet of Qixt {Spirit MR+ Int+7} (You took
                  | it off an orc wizard on level 7 of the Dungeon)
  6919 | D:7      | Identified the +3 falchion "Ytaria" {pain, Dex+4} (You
                  | found it on level 7 of the Dungeon)
  6923 | D:7      | Identified the cursed +1 rapier of Wyrd {pierce, rElec
                  | Int+2 Dex+2 Stlth+} (You found it on level 7 of the
                  | Dungeon)
  7239 | D:7      | Reached skill level 6 in Fighting
  7617 | D:8      | Noticed a two-headed ogre
  7639 | D:8      | Killed a two-headed ogre
  7890 | D:8      | Reached ** piety under the Shining One
  7905 | D:8      | Noticed a two-headed ogre
  7927 | D:8      | Killed a two-headed ogre
  8457 | D:2      | Noticed Crazy Yiuf
  8460 | D:2      | Killed Crazy Yiuf
  8561 | D:4      | Killed Cykl0x's ghost
  8797 | D:9      | Found a runed gate.
  8798 | D:9      | Found a runed gate.
  8798 | D:9      | Found a runed gate.
  8800 | D:9      | Noticed a cyan very ugly thing
  8800 | D:9      | Noticed a white ugly thing
  8800 | D:9      | Noticed a green ugly thing
  8800 | D:9      | Noticed a red ugly thing
  8829 | D:9      | Reached skill level 7 in Fighting
  9307 | D:9      | Noticed a brown ugly thing
  9307 | D:9      | Noticed a white ugly thing
  9347 | D:10     | Entered Level 10 of the Dungeon
  9368 | D:10     | Noticed Erica
  9380 | D:10     | Killed Erica
  9557 | D:10     | Noticed a two-headed ogre
  9570 | D:10     | Killed a two-headed ogre
  9682 | D:10     | Reached *** piety under the Shining One
  9697 | D:10     | Reached skill level 8 in Fighting
  9763 | D:10     | Reached skill level 5 in Invocations
  9798 | D:10     | Reached XP level 12. HP: 102/102 MP: 14/14
  9843 | D:10     | Found a staircase to the Lair.
 10574 | D:11     | Reached **** piety under the Shining One
 10575 | D:11     | Noticed a two-headed ogre
 10575 | D:11     | Noticed Nergalle
 10584 | D:11     | Killed a two-headed ogre
 10584 | D:11     | Reached skill level 9 in Fighting
 10584 | D:11     | Reached skill level 1 in Evocations
 10595 | D:11     | Killed Nergalle
 11166 | Lair:1   | Entered Level 1 of the Lair of Beasts
 11230 | Lair:1   | Reached skill level 10 in Armour
 11277 | Lair:1   | Reached skill level 10 in Fighting
 11476 | Lair:1   | Noticed a five-headed hydra
 11484 | Lair:1   | Killed a one-headed hydra
 12008 | D:12     | Noticed a two-headed ogre
 12019 | D:12     | Killed a two-headed ogre
 12028 | D:12     | Noticed a two-headed ogre
 12050 | D:12     | Killed a two-headed ogre
 12281 | D:12     | Found a staircase to the Orcish Mines.
 12290 | D:12     | Found a roughly hewn altar of Beogh.
 12326 | D:12     | Reached skill level 5 in Dodging
 12492 | D:12     | Reached XP level 13. HP: 114/114 MP: 16/16
 12528 | D:12     | Noticed Fannar
 12528 | D:12     | Reached ***** piety under the Shining One
 12539 | D:12     | Killed Fannar
 12894 | D:12     | Reached skill level 11 in Fighting
 12942 | D:12     | Noticed Maurice
 12949 | D:12     | Killed Maurice
 14625 | Lair:3   | Reached skill level 12 in Fighting
 14684 | Lair:3   | Found a hole to the Spider Nest.
 15270 | Lair:4   | Noticed Urug
 15301 | Lair:4   | Found a dark tunnel.
 15311 | Volcano  | Entered a volcano
 15414 | Volcano  | Noticed a fire dragon
 15453 | Volcano  | Killed a fire dragon
 15453 | Volcano  | Reached XP level 14. HP: 79/127 MP: 11/19
 15472 | Volcano  | Found a bloodstained altar of Trog.
 15516 | Volcano  | Found a burning altar of Makhleb.
 15575 | Lair:4   | Found a frozen archway.
 15599 | IceCv    | Entered an ice cave
 15858 | IceCv    | Found a transporter.
 15913 | IceCv    | Found a transporter.
 16142 | Lair:4   | Reached skill level 13 in Fighting
 16168 | Lair:4   | Killed Urug
 16181 | Lair:4   | Noticed Nessos
 16216 | Lair:4   | Killed Nessos
 16330 | Lair:4   | Found a runed door.
 16535 | Lair:4   | Found a staircase to the Shoals.
 16977 | Lair:4   | Noticed an entropy weaver
 16991 | Lair:4   | Killed an entropy weaver
 17023 | Lair:4   | Noticed an entropy weaver
 17041 | Lair:4   | Killed an entropy weaver
 17436 | Lair:4   | Noticed an entropy weaver
 17445 | Lair:4   | Killed an entropy weaver
 17655 | Lair:5   | Reached ****** piety under the Shining One
 17961 | Lair:5   | Reached skill level 14 in Fighting
 18236 | Lair:6   | Entered Level 6 of the Lair of Beasts
 18402 | Lair:6   | Reached skill level 10 in Dodging
 18433 | Lair:6   | Reached XP level 15. HP: 107/138 MP: 18/21
 18446 | Lair:6   | Found a runed gate.
 18447 | Lair:6   | Found a runed gate.
 18447 | Lair:6   | Found a runed gate.
 18448 | Lair:6   | Noticed Tiegaach's ghost (journeyman MiBe)
 18538 | Lair:6   | Noticed Rupert
 18549 | Lair:6   | Killed Rupert
 18634 | Lair:6   | Found a staircase to the Slime Pits.
 19949 | D:13     | Reached skill level 15 in Fighting
 20133 | D:13     | Reached skill level 10 in Invocations
 20702 | D:14     | Noticed Agnes
 20712 | D:14     | Killed Agnes
 20804 | D:14     | Noticed Josephine
 20810 | D:14     | Killed Josephine
 20993 | D:14     | Found a gate to the Vaults.
 21069 | D:14     | Noticed Frances
 21095 | D:14     | Killed Frances
 21548 | D:14     | Found a runed gate.
 21549 | D:14     | Found a runed gate.
 21549 | D:14     | Noticed Vuraotzi's ghost (journeyman BaHu)
 21550 | D:14     | Found a runed gate.
 21688 | D:14     | Found a roughly hewn altar of Beogh.
 21726 | D:14     | Killed Vuraotzi's ghost
 21743 | D:14     | Reached XP level 16. HP: 120/151 MP: 7/22
 21811 | D:14     | Got a glittering amber ring
 21812 | D:14     | Got a steaming plate armour
 21826 | D:14     | Identified the +1 plate armour of Duty {rCorr MP+9} (You
                  | took it off an orc knight on level 14 of the Dungeon)
 21838 | D:14     | Got a scorched chain mail
 21845 | D:14     | Identified the cursed +1 chain mail of Agnosticism {rElec
                  | rF+ Int+2} (You took it off an orc on level 14 of the
                  | Dungeon)
 21866 | D:14     | Identified the ring "Colaatha" {rElec MR+ EV+2 Int+3
                  | Stlth+} (You took it off an orc knight on level 14 of the
                  | Dungeon)
 21981 | D:15     | Entered Level 15 of the Dungeon
 22126 | D:15     | Reached skill level 16 in Fighting
 22425 | D:15     | Found a staircase to the Depths.
 22692 | Orc:1    | Entered Level 1 of the Orcish Mines
 23265 | Orc:2    | Entered Level 2 of the Orcish Mines
 23265 | Orc:2    | Found a staircase to the Elven Halls.
 23528 | Orc:2    | Found Owuakh's Assorted Antiques.
 23529 | Orc:2    | Found Fozut's Food Shop.
 23529 | Orc:2    | Found Qimusauju's Gadget Emporium.
 23529 | Orc:2    | Found Omaoxus's Antique Weapon Boutique.
 23674 | Orc:2    | Found Eyusomei's Eclectic Emporium.
 23699 | Orc:2    | Bought a potion of experience for 650 gold pieces
 23699 | Orc:2    | Reached skill level 15 in Armour
 23699 | Orc:2    | Reached skill level 15 in Dodging
 23699 | Orc:2    | Reached XP level 17. HP: 160/160 MP: 25/25
 24163 | Spider:1 | Entered Level 1 of the Spider Nest
 24423 | Spider:1 | Reached skill level 17 in Fighting
 26494 | Spider:3 | Reached XP level 18. HP: 170/170 MP: 26/26
 27181 | Spider:4 | Entered Level 4 of the Spider Nest
 27236 | Spider:4 | HP: 12/256 [wolf spider (5)]
 27239 | Spider:4 | Slain by a jumping spider

Skill      XL: |  1  2  3  4  5  6  7  8  9 10 11 12 13 14 15 16 17 18 |
---------------+-------------------------------------------------------+-----
Armour         | 4 5 6 9 10 12 13 14 15 | 15.9
Shields        | 4 14 15 | 15.0
Fighting       | 4 5 8 10 12 14 15 16 17 | 17.8
Long Blades    | 3 4 6 7 8 13 14 | 14.0
Dodging        | 1 2 3 5 7 10 13 15 16 | 16.0
Invocations    | 2 5 6 8 9 10 12 | 12.7
Evocations     | 1 2 3 |  3.5
Stealth        | |  0.1

Action                   |  1- 3 |  4- 6 |  7- 9 | 10-12 | 13-15 | 16-18 || total
-------------------------+-------+-------+-------+-------+-------+-------++-------
Melee: Long sword        |   105 |   166 |   142 |     2 |       |       ||   415
       Headbutt          |    12 |    30 |    51 |   141 |   283 |   155 ||   672
       Scimitar          |       |       |   115 |   640 |  1171 |   613 ||  2539
Invok: Summon Divine War |       |       |       |       |     5 |     7 ||    12
       Divine Shield     |       |       |       |       |       |     2 ||     2
       Cleansing Flame   |       |       |       |       |       |     1 ||     1
Evoke: Wand              |       |       |       |     7 |    17 |       ||    24
       Lamp of fire      |       |       |       |     2 |     3 |       ||     5
  Use: Scroll            |       |     1 |     8 |    11 |    15 |     5 ||    40
       Potion            |       |     2 |     9 |     4 |     8 |     9 ||    32
  Eat: Chunk             |       |     2 |     6 |    15 |    23 |     7 ||    53
       Ration            |       |     1 |     2 |     2 |     3 |     3 ||    11
Armor: Scale mail        |    42 |    53 |    30 |       |       |       ||   125
       Skin              |       |     9 |       |    16 |       |    56 ||    81
       Chain mail        |       |       |    36 |     2 |       |       ||    38
       Plate armour      |       |       |       |   140 |   188 |   242 ||   570
       Fire dragon scale |       |       |       |       |   207 |     1 ||   208
Dodge: Dodged            |    32 |    63 |    91 |    91 |   361 |   284 ||   922
Block: Shield            |    56 |   106 |   289 |   408 |   829 |   519 ||  2207
       Rpst.: Long sword |     8 |    16 |    10 |       |       |       ||    34
       Scimitar          |       |       |     7 |    29 |    74 |    52 ||   162
